 Dungeon Crawl Stone Soup version 0.02-122-g12e50fee3c (webtiles) character file.

Game seed: 9044709932963554141, levelgen mode: deterministic

63 Lanoc the Skirmisher (level 3, -2/33 HPs) Immature Draconian Demonspawn. Began on Oct 2, 2020. Slain by a sewer rat (6 damage) ... on level 2 of the Dungeon on Oct 3, 2020. The game lasted 00:00:59 (145 turns).

Lanoc the Skirmisher (Immature Draconian Demonspawn) Turns: 145, Time: 00:01:00

Health: -2/33      AC:  6    Str: 16    XL:     3 ^: 7
Magic:  0/7        EV: 13    Int: 12    God:
Gold:   0          SH:  0    Dex: 11    Spells: 6/7 levels left

rFire    . . .     Vision   .   a - +0 long sword
rCold    . . .     Gourm    .   (no weapon)
rNeg     . . .     Faith    .   (armour unavailable)
rPois    .         Spirit   .   (helmet restricted)
rElec    .         Reflect  .   (no cloak)
rCorr    .         Harm     .   (no gloves)
MR       .....                  (no boots)
Stlth    +.........             (no amulet)
HPRegen  0.21/turn              (no ring)
MPRegen  0.17/turn              (no ring)

@: very slightly contaminated
A: no body armour, unfitting armour, hooves 2, cold-blooded, AC +6
a: Breathe Dart


You were on level 2 of the Dungeon.
You were not hungry.

You visited 1 branch of the dungeon, and saw 2 of its levels.

Inventory:

Weapons
 a - a +0 long sword (weapon)
Comestibles
 c - a ration


   Skills:
 + Level 3.8 Fighting
 - Level 1.5 Long Blades
 + Level 3.1 Dodging
 - Level 1.3 Stealth
 - Level 2.6 Spellcasting
   Level 3.0 Invocations


You had 6 spell levels left.
You knew the following spells:

 Your Spells              Type           Power        Failure   Level  Hunger
a - Flame Tongue          Fire           1 (40)       26%         1    #......

Your spell library contained the following spells:

 Spells                   Type           Power        Failure   Level  Hunger
 Blink                    Tloc           N/A          36%         2    ###....
 Call Imp                 Summ           1 (100)      36%         2    ###....
 Slow                     Hex            1 (100)      36%         2    ###....
 Conjure Flame            Fire           1 (100)      58%         3    ###....
 Mephitic Cloud           Pois/Air       1 (100)      58%         3    ###....


Dungeon Overview and Level Annotations

Branches:
Dungeon (2/8)

Altars:


Innate Abilities, Weirdness & Mutations

You cannot fit into any form of body armour.
Your plain brown scales are hard. (AC +6)
You can breathe rudimentary magical darts.
You have hoof-like feet.
You are cold-blooded and may be slowed by cold attacks.


Message History

Press: ? - help, Shift-Dir - straight line, f - sewer rat
Aim: a sewer rat (steam, moderately wounded (10/13))
The flame tongue hits the sewer rat (5).
The sewer rat is severely wounded. (5/13) HP You are engulfed in a cloud of scalding steam.
* * * LOW HITPOINT WARNING * * *
The sewer rat barely misses you (0).
You riposte.
You closely miss the sewer rat. The sewer rat barely misses you (0).
You riposte.
You hit the sewer rat but do no damage.
The sewer rat is healthy. (9/9) HP You hit the sewer rat (4).
The sewer rat is almost dead. (1/13) HP You barely miss the sewer rat.
The sewer rat is almost dead. (1/13) HP You are engulfed in a cloud of scalding steam.
* * * LOW HITPOINT WARNING * * *
The sewer rat is engulfed in a cloud of scalding steam.
You kill the sewer rat!
The sewer rat bites you (6).
You die...

.≈≈≈PP≈≈≈.≈.≈≈≈≈≈≈≈
?.P≈≈≈;≈≈.≈≈≈≈≈≈≈;≈≈≈
.P.P≈≈≈≈..≈≈≈≈;≈≈≈≈PP≈≈
P..P≈≈..≈≈≈≈≈≈≈b≈≈≈≈P≈≈
.PP.≈P≈.≈≈≈≈≈≈≈≈≈≈≈..P≈;
.rP.≈≈..≈≈≈≈≈≈≈≈....P.≈P
.P≈≈...≈≈§§§≈≈≈..≈≈PP....
.P≈≈≈.≈≈≈r†§≈≈..≈≈≈≈PP.≈≈
r...≈.≈≈≈§@§...≈≈≈≈≈≈P.≈
#############≈.≈≈≈≈≈≈≈#
##.††P≈≈≈≈# #≈..PP≈≈≈#
#≈≈P.PP≈≈# ##≈≈P≈..PP#
#.≈PPP≈...# ##.≈PP≈≈≈.#
≈≈≈PP..≈.≈#


You could see a sewer rat and 3 neutral slimeheads (passive).

Vanquished Creatures
  An adder (D:2)
  4 sewer rats (D:2)
  A worm (D:2)
  A cinder newt (D:2)
  A kobold (D:1)
  A bat (D:1)
  A rat (D:1)
10 creatures vanquished.

Vanquished Creatures (others)
  A bat (D:2)
  A giant cockroach (D:2)
  A ball python skeleton (D:2)
  35 withered plants (D:2)
38 creatures vanquished.

Grand Total: 48 creatures vanquished

Notes
Turn   | Place    | Note
-------+----------+-------------------------------------------
     0 | D:1      | Lanoc the Immature Draconian Demonspawn began the quest for
                  | the Orb.
     0 | D:1      | Reached XP level 1. HP: 18/18 MP: 4/4
    73 | D:2      | Gained mutation: You have large cloven feet. [demonic
                  | ancestry]
    73 | D:2      | Reached XP level 2. HP: 19/25 MP: 3/5
   138 | D:2      | Gained mutation: You have hoof-like feet. [demonic
                  | ancestry]
   138 | D:2      | Reached XP level 3. HP: 21/31 MP: 4/7
   145 | D:2      | Slain by a sewer rat

Levels and vault maps discovered:
D:1:      dpeg_arrival_simpleton_b, layout_loops_ring, chequers_arboretum,
          minmay_misc_feat_roman, kennysheep_decorative_pillar, xom_teletrap_fun
D:2:      layout_sewer, nicolae_ru_great_annihilating_truth, minmay_3d_cube

Skill      XL: |  1  2  3 |
---------------+----------+-----
Fighting       | 3 |  3.8
Dodging        | 3 |  3.1
Long Blades    | |  1.5
Stealth        | |  1.3
Spellcasting   | |  2.6
Invocations    | |  3.0

Action                   || total
-------------------------++-------
Melee: Long sword        ||    17
       Unarmed           ||    15
       Tailslap          ||     2
       Kick              ||     1
 Cast: Flame Tongue      ||    11
 Abil: Breathe Dart      ||     1
Armor: Skin              ||     8
Dodge: Dodged            ||    30
       Rpst.: Long sword ||    11
       Unarmed           ||     8
